 Dungeon Crawl Stone Soup version 0.29.1-1-gd02db6906a (webtiles) character file.

Game seed: 18017472509654319198

1426 funnyparkerb the Trooper (level 9, -5/68 HPs)
             Began as a Djinni Fire Elementalist on Sept 18, 2022.
             Was a Follower of Makhleb.
             Slain by Icepheonix32's ghost (9 damage)
             ... on level 6 of the Dungeon on Sept 19, 2022.
             The game lasted 00:12:58 (5653 turns).

funnyparkerb the Trooper (Djinni Fire Elementalist) Turns: 5653, Time: 00:12:58

Health: -5/68      AC: 11    Str:  7    XL:     9   Next: 3%
Gold:   405        EV: 12    Int: 21    God:    Makhleb [*.....] SH:  0 Dex: 14

rFire   + + +      SeeInvis +   E - +0 great mace
rCold   x x .      Faith    .   (shield currently unavailable)
rNeg    . . .      Spirit   .   a - +0 robe
rPois   ∞          Reflect  .   y - +1 helmet {SInv}
rElec   .          Harm     .   (no cloak)
rCorr   .          Rampage  .   (no gloves)
Will    .....                   (boots unavailable)
Stlth   ++........              n - amulet of regeneration
HPRegen 1.01/turn               A - ring of fire
MPRegen 0.00/turn               (no ring)

@: ice-armoured, flying
A: sickness immunity, fire resistance 2, cold vulnerability 1, float, innate
caster, HP casting, extra vitality 1
a: Renounce Religion


You were on level 6 of the Dungeon.
You worshipped Makhleb.
Makhleb was aware of your devotion.
You visited 2 branches of the dungeon, and saw 7 of its levels.

You collected 405 gold pieces.

Inventory:

Hand Weapons
 E - a +0 great mace (weapon)
Missiles
 D - 6 curare-tipped darts (quivered)
Armour
 a - a +0 robe (worn)
 y - a +1 helmet of see invisible (worn)
Jewellery
 n - an amulet of regeneration (around neck)
 A - a ring of fire (left hand)
 B - an amulet of the acrobat
Wands
 g - a wand of polymorph (8)
 x - a wand of quicksilver (10)
Scrolls
 e - 3 scrolls of amnesia
 h - 2 scrolls of silence
 l - a scroll of enchant armour {unknown}
 q - 3 scrolls of teleportation {unknown}
 r - a scroll of summoning
 s - a scroll of identify
 u - 2 scrolls of blinking {unknown}
 v - 3 scrolls of fear {unknown}
 w - a scroll of butterflies {unknown}
 z - a scroll of vulnerability {unknown}
Potions
 b - 2 potions of degeneration {unknown}
 c - 4 potions of lignification {unknown}
 d - a potion of brilliance
 f - 2 potions of haste {unknown}
 i - a potion of ambrosia
 j - 2 potions of attraction {unknown}
 k - a potion of mutation {unknown}
 m - 3 potions of magic {unknown}
 o - a potion of cancellation {unknown}
 t - 4 potions of curing {unknown}
 C - a potion of might {unknown}


   Skills:
 + Level 7.3 Fighting
 - Level 2.1 Dodging
 - Level 1.5 Stealth
 + Level 6.2 Spellcasting


You couldn't memorise any spells.
You knew the following spells:

 Your Spells              Type           Power      Damage    Failure   Level
a - Foxfire               Conj/Fire      100%       2x1d9     1%          1
b - Scorch                Fire           96%        2d9       1%          2
c - Conjure Flame         Conj/Fire      48%        6-21      2%          3
d - Inner Flame           Hex/Fire       48%        N/A       2%          3
e - Flame Wave            Conj/Fire      48%        2d12      8%          4
f - Necrotise             Necr           100%       1d9       1%          1
g - Searing Ray           Conj           64%        2d6       1%          2
h - Ozocubu's Armour      Ice            32%        N/A       2%          3
i - Corpse Rot            Necr/Pois/Air  32%        N/A       8%          4
Your spell library was empty.

Dungeon Overview and Level Annotations

Branches:
Dungeon (6/15)             Temple (1/1) D:4

Altars:
Ashenzari
Cheibriados
Gozag
Makhleb
Nemelex Xobeh
Okawaru
Qazlal
Trog
Uskayaw
Yredelemnul
The Shining One

Annotations:
D:6 1 transporter, Icepheonix32's ghost, novice MiFi


Innate Abilities, Weirdness & Mutations

You are immune to sickness and miasma.
You are immune to poison.
Your flesh is very heat resistant. (rF++)
You are vulnerable to cold. (rC-)
You float through the air rather than walking.
You learn spells naturally, not from books.
Your magical power is your life essence.
You have superior vitality. (+4 MHP)


Message History

The searing ray hits Icepheonix32's ghost.
Icepheonix32's ghost is lightly damaged.
The searing ray hits the killer bee!
The killer bee is severely wounded.
The killer bee stings you!
The killer bee stings you but does no damage.
The killer bee stings you!
* * * LOW HITPOINT WARNING * * *
Icepheonix32's ghost hits you!
* * * LOW HITPOINT WARNING * * *
The killer bee barely misses you.
The killer bee stings you but does no damage.
The killer bee closely misses you.
The searing ray hits Icepheonix32's ghost.
Icepheonix32's ghost is lightly damaged.
The searing ray hits the killer bee!
You kill the killer bee!
Makhleb accepts your kill.
* * * LOW HITPOINT WARNING * * *
You finish channelling your searing ray.
The killer bee barely misses you. x2; The killer bee closely misses you.
Icepheonix32's ghost hits you but does no damage.
The killer bee barely misses you. The killer bee misses you.
The killer bee closely misses you.
You have reached level 9!
Your experience leads to an increase in your attributes!
Increase (S)trength, (I)ntelligence, or (D)exterity?
You feel clever. x2
The power to cast Corpse Rot wells up from within.
Spell assigned to 'i'.
Casting: Searing Ray (safe; 1% risk of failure)
Confirm with . or Enter, or press ? or * to list all spells.
Okay, then.
As you read the scroll labelled XIEFAINUEH, it crumbles to dust.
You hear a loud clanging noise!
It was a scroll of noise.
The killer bee stings you.
* * * LOW HITPOINT WARNING * * *
The killer bee stings you but does no damage.
The killer bee closely misses you. Icepheonix32's ghost hits you!
You die...

......# #.##.....####.#.##
#.... ......#
#.###.....#...#.# #.###
......###.######....###.# #.#
# .####.#.......##..)## #.#
#.# # .# #.#.#.###.##...#
#.#####.# # .#
#.#.#<..#.#..>.####.....#.# #
.#
#.#.#.......©.......###.#.###
.#
#.#...#############.....#....
.##
#.#..#####..@y.#####..#######
..#
#.#.###.#.#Wyy#...###........
..#
#.#.##y!#.†###..#..##..######
#.###...###...#...#.#.###..#
.........#####..#..### #...#
......#.###...#...#$..###.##
......#.##..#.y###..#..##.#
......#.###...#...#...###.#
......#..#####$!y?.#####..#


You could see 3 killer bees and Icepheonix32's ghost.

Vanquished Creatures
  A black bear (D:5)
  A phantom (D:6)
  2 kobold brigands (D:6)
  A bullfrog (D:6)
  3 scorpions
  3 wights (D:5)
  3 killer bees (D:6)
  A howler monkey (D:4)
  A gnoll bouda (D:4)
  3 hounds
  Natasha (thrice) (D:2)
  4 iguanas
  An orc wizard (D:5)
  9 gnolls
  2 adders
  4 worms
  3 dart slugs
  9 orcs (D:5)
  5 bats
  4 endoplasms
  3 giant cockroaches
  8 hobgoblins
  10 jackals
  4 quokkas
  7 ball pythons
  5 frilled lizards
  10 goblins
  13 kobolds
  6 rats
129 creatures vanquished.

Vanquished Creatures (others)
  308 foxfires
308 creatures vanquished.

Grand Total: 437 creatures vanquished

Notes
Turn   | Place    | Note
-------+----------+-------------------------------------------
     0 | D:1      | funnyparkerb the Djinni Fire Elementalist began the quest
                  | for the Orb.
     0 | D:1      | funnyparkerb set off with the following spells memorised:
                  | Foxfire, Scorch, Conjure Flame, Inner Flame, Flame Wave.
     0 | D:1      | Reached XP level 1. HP: 15/15 MP: 0/0
   264 | D:1      | Reached skill level 1 in Fighting
   264 | D:1      | Reached XP level 2. HP: 13/22 MP: 0/0
   859 | D:1      | Reached XP level 3. HP: 22/27 MP: 0/0
   859 | D:1      | Learned a level 1 spell: Necrotise
  1493 | D:1      | Reached skill level 2 in Fighting
  1797 | D:2      | Reached XP level 4. HP: 29/33 MP: 0/0
  2420 | D:2      | Noticed Natasha
  2426 | D:2      | Killed Natasha
  2427 | D:2      | Reached XP level 5. HP: 34/40 MP: 0/0
  2427 | D:2      | Learned a level 2 spell: Searing Ray
  2519 | D:2      | Noticed Natasha
  2523 | D:2      | Killed Natasha
  2524 | D:2      | Reached skill level 3 in Fighting
  2532 | D:2      | Noticed Natasha
  2545 | D:2      | Killed Natasha
  2781 | D:3      | Identified the +0 sling of Mawkehug {speed, rPois rF+
                  | Str-3}
  2966 | D:3      | Found a large runed translucent door.
  2968 | D:3      | Found a large runed translucent door.
  3304 | D:3      | Reached XP level 6. HP: 40/47 MP: 0/0
  3314 | D:3      | Found a hide-covered altar of Uskayaw.
  3317 | D:3      | Found a sparkling altar of Nemelex Xobeh.
  3396 | D:4      | Reached skill level 4 in Fighting
  3474 | D:4      | Reached XP level 7. HP: 27/53 MP: 0/0
  3474 | D:4      | Learned a level 3 spell: Ozocubu's Armour
  3631 | D:4      | Found a staircase to the Ecumenical Temple.
  3756 | Temple   | Entered the Ecumenical Temple
  3794 | Temple   | Became a worshipper of Makhleb the Destroyer
  3930 | D:5      | Entered Level 5 of the Dungeon
  4270 | D:5      | Reached skill level 5 in Fighting
  4308 | D:5      | Identified the ring "Xeosm" {rC+ Str+6 Int-3 SInv}
  4470 | D:5      | Reached skill level 5 in Spellcasting
  4470 | D:5      | Reached XP level 8. HP: 54/60 MP: 0/0
  4471 | D:5      | Reached * piety under Makhleb
  4550 | D:5      | Found a snail-covered altar of Cheibriados.
  4913 | D:6      | Reached skill level 6 in Fighting
  4969 | D:6      | Found an iron altar of Okawaru.
  5038 | D:6      | Found a transporter.
  5052 | D:6      | Found a transporter.
  5055 | D:6      | Noticed Icepheonix32's ghost (novice MiFi)
  5522 | D:6      | Reached skill level 7 in Fighting
  5653 | D:6      | Reached XP level 9. HP: 9/68 MP: 0/0
  5653 | D:6      | Learned a level 4 spell: Corpse Rot
  5653 | D:6      | Slain by Icepheonix32's ghost

Illustrated notes

Levels and vault maps discovered:
D:1:      lightli_arrival_statue_moat, layout_basic
D:2:      layout_basic, amcnicky_mini_rare_corridor_liquid, minmay_unequal,
          uniq_natasha
D:3:      layout_basic, jmf_multi_god_temple2
D:4:      layout_rooms, minmay_temple_entry_large_hall
D:5:      minmay_inner_zag, layout_rooms, cheibrodos_worm_habitat
D:6:      layout_basic, okawaru_trees_2, gammafunk_ghost_hive
Temple:   nicolae_temple_godzebo

Skill      XL: |  1  2  3  4  5  6  7  8 |
---------------+-------------------------+-----
Fighting       | 1 2 3 4 5 7 |  7.3
Spellcasting   | 3 4 5 6 |  6.2
Dodging        | |  2.1
Stealth        | |  1.5

Action                   |  1- 3 |  4- 6 |  7- 9 || total
-------------------------+-------+-------+-------++-------
Melee: Unarmed           |     4 |     4 |       ||     8
       Staff             |       |     2 |     3 ||     5
 Cast: Foxfire           |    59 |    78 |    63 ||   200
       Scorch            |    21 |    22 |    65 ||   108
       Necrotise         |     1 |       |       ||     1
       Searing Ray       |       |     2 |     1 ||     3
       Conjure Flame     |       |     1 |     7 ||     8
       Ozocubu's Armour  |       |       |     1 ||     1
       Inner Flame       |       |       |     1 ||     1
  Use: Scroll            |       |     4 |     1 ||     5
Armor: Robe              |     4 |     1 |    11 ||    16
Dodge: Dodged            |     9 |     9 |    23 ||    41
